HSSL
BUTLER HS GOLDEN TORNADO @ BUCHANAN HS
04/12/2026
 
TOP OF THE 1ST
Butler HS Golden Tornado batting - Pitching for Buchanan HS : RHP Jesús Caballero
Pitching: RHP Jesús Caballero
Batting: SHB Myles Hopkins 0-0: Ball
1-0: Foul Ball, location: 2F
1-1: Swinging Strike
1-2: Foul Ball, location: 2F
1-2: Strikes out swinging
Batting: RHB Keith Gamble 0-0: Foul Ball, location: 2F
0-1: Called Strike
0-2: Ball
1-2: Strikes out swinging
Batting: RHB Mike Morton 0-0: Ball
1-0: Fly out, F7 (Flyball, 78S)
Top of the 1st over - 0 run(s), 0 hit(s), 0 error(s), 0 left on base; Butler HS 0 - Buchanan HS 0
BOTTOM OF THE 1ST
Buchanan HS batting - Pitching for Butler HS Golden Tornado : RHP Alan Mobley
Pitching: RHP Alan Mobley
Batting: RHB Michael Elliott 0-0: Called Strike
0-1: Called Strike
0-2: Ball
1-2: Foul Ball, location: 2F
1-2: SINGLE (Groundball, 6D) (infield hit)
Batting: RHB Tommy Reid 0-0: Called Strike
0-1: Called Strike
0-2: Foul Ball, location: 2F
0-2: Ground out 2-3 (Groundball, 25)
Michael Elliott to second
Batting: LHB Jesús Torres 0-0: Ball
1-0: Foul Ball, location: 2F
1-1: Fly out, F7 (Flyball, 7M)
Batting: RHB Allen Miller 0-0: Ball
1-0: Ball
2-0: Ball
3-0: Base on Balls
Batting: RHB Henry Rice 0-0: Fly out, F9 (Flyball, 9LM)
Bottom of the 1st over - 0 run(s), 1 hit(s), 0 error(s), 2 left on base; Butler HS 0 - Buchanan HS 0
TOP OF THE 2ND
Butler HS Golden Tornado batting - Pitching for Buchanan HS : RHP Jesús Caballero
Batting: LHB Joe Vásquez 0-0: Ball
1-0: Ground out 4-3 (Groundball, 4)
Batting: RHB Daniel Quintana 0-0: Ground out 4-3 (Groundball, 13)
Batting: RHB Tom Copeland 0-0: Called Strike
0-1: Foul Ball, location: 2F
0-2: Strikes out looking
Top of the 2nd over - 0 run(s), 0 hit(s), 0 error(s), 0 left on base; Butler HS 0 - Buchanan HS 0
BOTTOM OF THE 2ND
Buchanan HS batting - Pitching for Butler HS Golden Tornado : RHP Alan Mobley
Batting: RHB Dewey Tyree 0-0: Ball
Single, Error in OF, E7, batter to second base
Batting: LHB Jeff MacKinney 0-0: Ball
1-0: Ball
2-0: Ball
3-0: Foul Ball, location: 2F
3-1: Base on Balls
Batting: RHB Jesús Caballero 0-0: Ball
1-0: Fly out, F7 (Line Drive, 7M)
Batting: RHB Eugene Logan 0-0: Ball
1-0: Ball
2-0: Called Strike
2-1: Ball
3-1: Called Strike
3-2: Strikes out swinging
Batting: RHB Michael Elliott 0-0: Ball
1-0: Foul Ball, location: 2F
1-1: SINGLE (Groundball, 56) (infield hit)
Dewey Tyree to third
Jeff MacKinney to second
Batting: RHB Tommy Reid 0-0: Called Strike
0-1: Ball
1-1: Ball
2-1: Called Strike
2-2: Fielders Choice at 2nd, 5-4 (Groundball, 56)
Bottom of the 2nd over - 0 run(s), 2 hit(s), 1 error(s), 2 left on base; Butler HS 0 - Buchanan HS 0
TOP OF THE 3RD
Butler HS Golden Tornado batting - Pitching for Buchanan HS : RHP Jesús Caballero
Batting: RHB Héctor Meléndez 0-0: Called Strike
0-1: Ball
1-1: Ball
2-1: Ground out 5-3 (Groundball, 5)
Batting: LHB Rob Phillips 0-0: Ball
1-0: Ball
2-0: Ball
3-0: Base on Balls
Batting: LHB Juan Díaz 0-0: Foul Ball, location: 2F
0-1: Ball
1-1: Fly out, F7 (Flyball, 78M)
Batting: SHB Myles Hopkins 0-0: Foul Ball, location: 2F
0-1: Swinging Strike
0-2: Strikes out swinging
Top of the 3rd over - 0 run(s), 0 hit(s), 0 error(s), 1 left on base; Butler HS 0 - Buchanan HS 0
BOTTOM OF THE 3RD
Buchanan HS batting - Pitching for Butler HS Golden Tornado : RHP Alan Mobley
Batting: LHB Jesús Torres 0-0: Called Strike
Reached via error on a dropped throw, E3
Batting: RHB Allen Miller 0-0: 2-RUN HOME RUN (Flyball, 9LD), Distance : 344 ft
Batting: RHB Henry Rice 0-0: Swinging Strike
0-1: Ball
1-1: Foul Ball, location: 2F
1-2: Ground out 6-3 (Groundball, 56)
Batting: RHB Dewey Tyree 0-0: SINGLE (Groundball, 4D)
Batting: LHB Jeff MacKinney 0-0: Ball
1-0: Foul Ball, location: 2F
1-1: Fly out, F7 (Flyball, 7M)
Batting: RHB Jesús Caballero 0-0: Ball
1-0: Ball
2-0: Ball
3-0: Called Strike
3-1: Called Strike
3-2: Base on Balls
Dewey Tyree to second
Batting: RHB Eugene Logan 0-0: Ball
1-0: Called Strike
1-1: Ball
2-1: Fly out, F4 (Popup, 4D)
Bottom of the 3rd over - 2 run(s), 2 hit(s), 1 error(s), 2 left on base; Butler HS 0 - Buchanan HS 2
TOP OF THE 4TH
Butler HS Golden Tornado batting - Pitching for Buchanan HS : RHP Jesús Caballero
Batting: RHB Keith Gamble 0-0: Called Strike
0-1: Ball
1-1: Ball
2-1: Swinging Strike
2-2: Ball
3-2: Ground out 5-3 (Groundball, 5)
Batting: RHB Mike Morton 0-0: Swinging Strike
0-1: Foul Ball, location: 2F
0-2: Fly out, F9 (Flyball, 89D)
Batting: LHB Joe Vásquez 0-0: Called Strike
0-1: Swinging Strike
0-2: Ball
1-2: Ball
2-2: Fly out, F4 (Line Drive, 4M)
Top of the 4th over - 0 run(s), 0 hit(s), 0 error(s), 0 left on base; Butler HS 0 - Buchanan HS 2
BOTTOM OF THE 4TH
Buchanan HS batting - Pitching for Butler HS Golden Tornado : RHP Alan Mobley
Batting: RHB Michael Elliott 0-0: Called Strike
0-1: Ball
1-1: SINGLE (Line Drive, 6M)
Batting: RHB Tommy Reid 0-0: Ball
1-0: Ball
2-0: Ball
3-0: Base on Balls
Michael Elliott to second
Batting: LHB Jesús Torres 0-0: SINGLE (Line Drive, 89M)
Michael Elliott to third
Tommy Reid to second
Runner from 3rd tries for Home, SAFE, throw made home
Batting: RHB Allen Miller 0-0: Called Strike
0-1: SINGLE (Groundball, 4MD)
Tommy Reid to third
Jesús Torres to second
Runner from 3rd tries for Home, SAFE, throw made home
Jesús Torres to third
Allen Miller to second
Batting: RHB Henry Rice 0-0: Ball
1-0: Ball
2-0: Swinging Strike
2-1: Ball
3-1: Base on Balls
Batting: RHB Dewey Tyree 0-0: Ball
1-0: Fly out, F7 (Flyball, 7M)
Runner from 3rd tags up, SCORES, throw made
Batting: LHB Jeff MacKinney 0-0: Called Strike
0-1: Ball
1-1: Ball
2-1: Fielders Choice at 2nd, 4-6 (Groundball, 34)
Allen Miller to third
Pitching: RHP Dave Murray
Batting: RHB Jesús Caballero 0-0: Fielders Choice at 2nd, 6-4 (Groundball, 56)
Bottom of the 4th over - 3 run(s), 3 hit(s), 0 error(s), 1 left on base; Butler HS 0 - Buchanan HS 5
TOP OF THE 5TH
Butler HS Golden Tornado batting - Pitching for Buchanan HS : RHP Jesús Caballero
Batting: RHB Daniel Quintana 0-0: Ball
1-0: Ball
2-0: Called Strike
2-1: Called Strike
2-2: Strikes out looking
Batting: RHB Tom Copeland 0-0: Fly out, F9 (Flyball, 9M)
Batting: RHB Héctor Meléndez 0-0: Swinging Strike
0-1: Swinging Strike
0-2: Strikes out looking
Top of the 5th over - 0 run(s), 0 hit(s), 0 error(s), 0 left on base; Butler HS 0 - Buchanan HS 5
BOTTOM OF THE 5TH
Buchanan HS batting - Pitching for Butler HS Golden Tornado : RHP Dave Murray
Batting: RHB Eugene Logan 0-0: Swinging Strike
0-1: Swinging Strike
0-2: Foul Ball, location: 2F
0-2: Ball
1-2: Strikes out swinging
Batting: RHB Michael Elliott 0-0: Ball
1-0: Called Strike
1-1: Foul Ball, location: 2F
1-2: Ball
2-2: Strikes out swinging
Batting: RHB Tommy Reid 0-0: Swinging Strike
0-1: Ground out 1-3 (Groundball, 34S)
Bottom of the 5th over - 0 run(s), 0 hit(s), 0 error(s), 0 left on base; Butler HS 0 - Buchanan HS 5
TOP OF THE 6TH
Butler HS Golden Tornado batting - Pitching for Buchanan HS : RHP Jesús Caballero
Batting: LHB Rob Phillips 0-0: SINGLE (Line Drive, 56D)
Batting: LHB Juan Díaz 0-0: Swinging Strike
0-1: Foul Ball, location: 2F
0-2: Foul Ball, location: 2F
0-2: Ball
1-2: Strikes out swinging
Batting: SHB Myles Hopkins 0-0: Ball
1-0: TRIPLE (Line Drive, 89M)
Rob Phillips scores
Batting: RHB Keith Gamble 0-0: Ball
1-0: Called Strike
1-1: Ball
2-1: Ball
3-1: Base on Balls
Batting: RHB Mike Morton 0-0: Ball
Keith Gamble steals 2nd base
1-0: Called Strike
1-1: Swinging Strike
1-2: Foul Ball, location: 2F
1-2: Ball
2-2: Strikes out swinging
Batting: LHB Joe Vásquez 0-0: Swinging Strike
0-1: Foul Ball, location: 2F
0-2: Ball
1-2: Ground out 4-3 (Groundball, 34)
Top of the 6th over - 1 run(s), 2 hit(s), 0 error(s), 2 left on base; Butler HS 1 - Buchanan HS 5
BOTTOM OF THE 6TH
Buchanan HS batting - Pitching for Butler HS Golden Tornado : RHP Dave Murray
Batting: LHB Jesús Torres 0-0: Ball
1-0: Ball
2-0: Ball
3-0: Called Strike
3-1: Fly out, F6 (Popup, 6M)
Batting: RHB Allen Miller 0-0: Called Strike
0-1: Fly out, F5 (Popup, 56S)
Batting: RHB Henry Rice 0-0: Called Strike
0-1: Called Strike
0-2: Ground out 4-3 (Groundball, 34)
Bottom of the 6th over - 0 run(s), 0 hit(s), 0 error(s), 0 left on base; Butler HS 1 - Buchanan HS 5
TOP OF THE 7TH
Butler HS Golden Tornado batting - Pitching for Buchanan HS : RHP Jesús Caballero
Batting: RHB Daniel Quintana 0-0: Ground out 4-3 (Groundball, 34)
Batting: RHB Tom Copeland 0-0: Called Strike
0-1: Foul Ball, location: 2F
0-2: Ball
1-2: Strikes out swinging
Batting: RHB Héctor Meléndez 0-0: Ball
1-0: Called Strike
1-1: Called Strike
1-2: Ball
2-2: Ball
3-2: SINGLE (Groundball, 34)
Pitching: LHP Paul Hart
Batting: LHB Rob Phillips 0-0: Swinging Strike
0-1: Ball
1-1: SINGLE (Groundball, 34D)
Héctor Meléndez to second
Runner from 2nd tries for 3rd, SAFE, throw made to third
Batting: LHB Juan Díaz 0-0: Foul Ball, location: 2F
0-1: Called Strike
0-2: Ball
1-2: Foul Ball, location: 2F
1-2: Ball
Error on foul ball, E2
2-2: Foul Ball, location: 2F
2-2: SINGLE (Groundball, 6MD)
Héctor Meléndez scores
Rob Phillips to second
Batting: SHB Myles Hopkins 0-0: Called Strike
0-1: Foul Ball, location: 2F
0-2: Ball
1-2: Strikes out swinging
Top of the 7th over - 1 run(s), 3 hit(s), 1 error(s), 2 left on base; Butler HS 2 - Buchanan HS 5
BOTTOM OF THE 7TH
Buchanan HS batting - Pitching for Butler HS Golden Tornado : RHP Dave Murray
Pitching: LHP Pedro Infante
Batting: RHB Dewey Tyree 0-0: Foul Ball, location: 2F
0-1: Called Strike
0-2: Fly out, F8 (Flyball, 8RM)
Batting: LHB Jeff MacKinney 0-0: Foul Ball, location: 2F
0-1: Ball
1-1: Ball
2-1: Foul Ball, location: 2F
2-2: Ball
3-2: Base on Balls
Batting: RHB Jesús Caballero 0-0: Ball
1-0: Fly out, F8 (Flyball, 8LM)
Batting: RHB Eugene Logan 0-0: Called Strike
0-1: Ball
1-1: SINGLE (Groundball, 56)
Jeff MacKinney to second
Batting: RHB Michael Elliott 0-0: Foul Ball, location: 2F
0-1: Ground out U3 (Groundball, 3S)
Bottom of the 7th over - 0 run(s), 1 hit(s), 0 error(s), 2 left on base; Butler HS 2 - Buchanan HS 5
TOP OF THE 8TH
Butler HS Golden Tornado batting - Pitching for Buchanan HS : LHP Paul Hart
Batting: RHB Keith Gamble 0-0: Ball
1-0: Ball
2-0: Called Strike
2-1: Foul Ball, location: 2F
2-2: Ball
3-2: Base on Balls
Pitching: RHP Tommy Winchester
Batting: RHB Mike Morton 0-0: Swinging Strike
0-1: Ball
1-1: Grounds into double play, 5-4-3 (Groundball, 5L)
Batting: LHB Joe Vásquez 0-0: Ball
1-0: Called Strike
1-1: Foul Ball, location: 2F
1-2: Foul Ball, location: 2F
1-2: Foul Ball, location: 2F
1-2: Foul Ball, location: 2F
1-2: SOLO HOME RUN (Flyball, 9D), Distance : 393 ft
Batting: RHB Daniel Quintana 0-0: Ball
1-0: Ball
2-0: SINGLE (Line Drive, 4D)
Batting: RHB Tom Copeland 0-0: Ball
1-0: Called Strike
1-1: Ball
2-1: Foul Ball, location: 2F
2-2: Foul Ball, location: 2F
2-2: Foul Ball, location: 2F
2-2: Ball
3-2: Base on Balls
Daniel Quintana to second
Batting: RHB Héctor Meléndez 0-0: Ground out 5-3 (Groundball, 56)
Top of the 8th over - 1 run(s), 2 hit(s), 0 error(s), 2 left on base; Butler HS 3 - Buchanan HS 5
BOTTOM OF THE 8TH
Buchanan HS batting - Pitching for Butler HS Golden Tornado : LHP Pedro Infante
Batting: RHB Tommy Reid 0-0: Fly out, F9 (Flyball, 9LM)
Batting: LHB Jesús Torres 0-0: Ball
1-0: Called Strike
1-1: Ball
2-1: Ground out U3 (Groundball, 3S)
Batting: RHB Allen Miller 0-0: SINGLE (Groundball, 4M)
Batting: RHB Henry Rice 0-0: Ball
1-0: Called Strike
1-1: Ball
2-1: Called Strike
2-2: Ground out 4-3 (Groundball, 4)
Bottom of the 8th over - 0 run(s), 1 hit(s), 0 error(s), 1 left on base; Butler HS 3 - Buchanan HS 5
TOP OF THE 9TH
Butler HS Golden Tornado batting - Pitching for Buchanan HS : RHP Tommy Winchester
Pitching: LHP Gustavo Sánchez
Batting: LHB Rob Phillips 0-0: Called Strike
0-1: Called Strike
0-2: Ball
1-2: Foul Ball, location: 2F
1-2: Foul Ball, location: 2F
1-2: Ball
2-2: Strikes out swinging
Batting: LHB Juan Díaz 0-0: Called Strike
0-1: Ball
1-1: Ground out 5-3 (Groundball, 5S)
Batting: SHB Myles Hopkins 0-0: Ball
1-0: Ball
2-0: Called Strike
2-1: Ball
3-1: Called Strike
3-2: Strikes out swinging wild pitch, reaches first!
Batting: RHB Keith Gamble 0-0: Swinging Strike
0-1: Called Strike
0-2: Strikes out swinging
Top of the 9th over - 0 run(s), 0 hit(s), 0 error(s), 1 left on base; Butler HS 3 - Buchanan HS 5
Monday, December 5th, 2016 - OOTP Baseball 17.12 Build 75